 Dungeon Crawl Stone Soup version 0.30.1-10-g1249ef9ec4 (webtiles) character file.

Game seed: 18157381162772235310

12385 pkoi the Martial Artist (level 11, 0/89 HPs)
             Began as a Grey Draconian Monk on Oct 26, 2023.
             Was an Elder of Dithmenos.
             Slain by a cane toad (10 damage)
             ... on level 1 of the Lair of Beasts.
             The game lasted 00:24:13 (12171 turns).

pkoi the Martial Artist (Grey Draconian Monk)      Turns: 12171, Time: 00:24:13

Health: 0/89       AC: 20    Str:  9    XL:     11   Next: 61%
Magic:  18/18      EV: 14    Int: 15    God:    Dithmenos [****..]
Gold:   669        SH:  0    Dex: 14    Spells: 4/19 levels left

rFire   + +          .
                       - Unarmed
rCold   . . .        (no shield)
rNeg    + . .        (body armour unavailable)
rPois   .            y - +2 hat
rElec   .            C - +2 cloak {rCorr}
rCorr   +            (no gloves)
SInv    .            s - +2 pair of boots
Will    .....        K - amulet of Arrival {RegenMP Fragile rF+ Regen+}
Stlth   +++++        t - ring "Rejisyji" {Wiz rF+ rN+ rCorr Str-4}
HPRegen 1.14/turn    N - +4 ring of slaying
MPRegen 0.56/turn

%: wizardry (x1)
@: lethally poisoned (0 -> -8), wreathed by umbra
A: AC +12, amphibious, unfitting armour, cold-blooded
a: Renounce Religion, Shadow Step


You were on level 1 of the Lair of Beasts.
You worshipped Dithmenos.
Dithmenos was greatly pleased with you.
You visited 3 branches of the dungeon, and saw 13 of its levels.
You also visited: Ossuary and Bailey.

You collected 839 gold pieces.
You spent 170 gold pieces at shops.

Inventory:

Hand Weapons
 e - a +1 heavy dagger
 o - a +0 dagger
 q - a +4 dagger of venom
Missiles
 w - 9 curare-tipped darts (quivered)
Armour
 b - an orb of light
 s - a +2 pair of boots (worn)
 y - a +2 hat (worn)
 C - a +2 cloak of preservation (worn)
Jewellery
 c - a ring of see invisible
 f - a ring of fire
 h - a ring of poison resistance
 t - the ring "Rejisyji" (left hand) {Wiz rF+ rN+ rCorr Str-4}
   (You acquired it on level 4 of the Dungeon)

   [ring of wizardry]

   It improves your spell success rate.
   Str:       It affects your strength (-4).
   rF:        It protects you from fire.
   rN:        It protects you from negative energy.
   rCorr:     It protects you from acid and corrosion.
 z - a +4 ring of protection
 J - a ring of resist corrosion
 K - the amulet of Arrival (around neck) {RegenMP Fragile rF+ Regen+}
   (You bought it in a shop on level 10 of the Dungeon)

   [amulet of magic regeneration]

   It increases your rate of magic regeneration.
   rF:        It protects you from fire.
   Regen:     It increases your rate of health regeneration.
   Fragile:   It will be destroyed if unequipped.
 N - a +4 ring of slaying (right hand)
 O - a ring of ice
Wands
 B - a wand of flame (11)
 I - a wand of roots (4)
Scrolls
 g - 3 scrolls of identify
 l - a scroll of poison
 r - a scroll of enchant armour
 u - 2 scrolls of teleportation
 A - 2 scrolls of blinking
 G - 4 scrolls of amnesia
 L - a scroll of enchant weapon
Potions
 a - 3 potions of ambrosia
 d - 3 potions of brilliance
 i - 6 potions of curing
 j - 6 potions of lignification
 k - 3 potions of haste
 m - 6 potions of mutation
 n - a potion of flight
 p - 5 potions of invisibility
 v - 3 potions of cancellation
 x - a potion of attraction
 D - 4 potions of heal wounds
 E - a potion of resistance
 F - a potion of magic
 H - 2 potions of might


   Skills:
 - Level 6.0 Fighting
 - Level 6.0 Dodging
 - Level 6.0 Stealth
 + Level 12.5 Unarmed Combat
 + Level 4.8 Spellcasting
 - Level 3.0 Conjurations
 + Level 3.9 Necromancy
 - Level 6.0 Translocations
 + Level 4.6 Earth Magic


You had 4 spell levels left.
You knew the following spells:

 Your Spells              Type           Power      Damage    Failure   Level
a - Blink                 Tloc           42%        N/A       1%          2
b - Manifold Assault      Tloc           21%        N/A       6%          4
c - Iskenderun's Mystic   Conj/Tloc      17%        2d5       11%         4
d - Borgnjor's Vile Clut  Necr/Erth      8%         N/A       32%         5

Your spell library contained the following spells:

 Spells                   Type           Power      Damage    Failure   Level
 Foxfire                  Conj/Fire      32%        2x1d5     3%          1
 Cigotuvi's Dreadful Rot  Necr/Pois/Air  14%        N/A       6%          2
 Volatile Blastmotes      Fire/Tloc      24%        2d12      6%          3
 Dazzling Flash           Conj/Hex       16%        N/A       11%         3
 Dispel Undead            Necr           15%        3d10      13%         4
 Frozen Ramparts          Ice            6%         1d1       21%         3
 Leda's Liquefaction      Hex/Erth       5%         N/A       26%         4
 Ice Form                 Ice/Tmut       3%         N/A       52%         4
 Summon Ice Beast         Ice/Summ       3%         N/A       52%         4
 Lee's Rapid Deconstruct  Erth           8%         3d7*      26%         5
 Fireball                 Conj/Fire      4%         3d4       65%         5
 Alistair's Intoxication  Tmut/Pois      2%         N/A       86%         5
 Death Channel            Necr           7%         N/A       87%         6
 Statue Form              Tmut/Erth      6%         N/A       98%         6
 Starburst                Conj/Fire      4%         6d3       99%         6
 Eringya's Noxious Bog    Tmut/Pois      1%         N/A       100%        6
 Plasma Beam              Fire/Air       1%         2x1d12    100%        6
 Storm Form               Tmut/Air       1%         N/A       100%        7


Dungeon Overview and Level Annotations

Branches:
Dungeon (11/15)            Temple (1/1) D:7            Lair (1/5) D:11
    Orc (0/2) D:11        Ossuary (visited)          Bailey (visited)

Altars:
Ashenzari
Cheibriados
Dithmenos
Elyvilon
Fedhas
Gozag
Hepliaklqana
Kikubaaqudgha
Makhleb
Nemelex Xobeh
Okawaru
Qazlal
Ru
Sif Muna
Trog
Uskayaw
Vehumet
Wu Jian
Xom
Yredelemnul
Zin
The Shining One

Shops:
D:2 :   D:5 ?   D:9 [   D:10 *

Annotations:
D:11 3 runed translucent doors, Esekla's ghost, journeyman DEWn


Innate Abilities, Weirdness & Mutations

Your dull iron-grey scales are very hard. (AC +12)
You are amphibious.
You cannot fit into any form of body armour.
You are cold-blooded and may be slowed by cold attacks.


Message History

You feel very sick. The elephant misses you. The elephant barely misses you.
The cane toad stings you!
You are more poisoned.
The cane toad poisons you!
You punch the cane toad!
You tail-slap the cane toad, but do no damage.
Your punch misses the cane toad.
The cane toad is moderately wounded.
You feel very sick. The cane toad barely misses you.
The elephant barely misses you. The elephant trunk-slaps you.
The cane toad attacks as you move away! The cane toad misses you.
You feel very sick. The cane toad attacks as you move away!
The cane toad stings you.
You feel very sick.
The elephant tramples you but does no damage.
The elephant completely misses you. The elephant attacks as you move away!
The elephant closely misses you. The elephant misses you.
You feel very sick.
You barely miss the cane toad. You tail-slap the cane toad.
The cane toad is moderately wounded.
You feel sick. The cane toad stings you!
* * * LOW HITPOINT WARNING * * *
You are lethally poisoned!
The cane toad poisons you!
Unknown command.
You feel better. The cane toad stings you!
* * * LOW HITPOINT WARNING * * *
You are poisoned.
The cane toad poisons you!
Aiming: Paralyse
Press: ? - help, Shift-Dir - straight line, f - cane toad
Aim: a cane toad (moderately wounded, umbra, chance to affect: 49%)
The cane toad resists with some effort.
The now-empty wand crumbles to dust.
* * * LOW HITPOINT WARNING * * *
You feel very sick. The cane toad stings you!
You die...

..................
..................
..................
####P............
##...P.##+##+#
#..#.......
###..#.......
.P##.#P#...†###.##
.....(.<..#@# ##
..####....#F##
#....#YY#####.~
#....#.†.....~.
##....#.#.#..#.~
..............≈≈
.............#≈≈
..............# ≈
............>#


You could see 2 elephants and a cane toad.

Vanquished Creatures
  3 two-headed ogres
  Nergalle (D:11)
  An orc knight (Bailey)
  2 ugly things (D:11)
  2 trolls
  A hornet (D:8)
  5 blink frogs (Lair:1)
  12 yaks
  Grum (D:8)
  2 steam dragons
  2 acid dragons (D:11)
  2 water moccasins
  5 orc warriors
  2 black bears (D:6)
  A sky beast (D:6)
  2 ogres (D:6)
  3 wolves (D:8)
  A centaur (D:8)
  A phantom (D:5)
  2 kobold brigands
  4 bullfrogs
  An elf zombie (Ossuary)
  A gnoll sergeant (D:9)
  4 wights (D:6)
  16 killer bees
  3 howler monkeys
  4 human zombies
  3 jellies
  9 orc priests
  A gnoll bouda (D:7)
  6 hounds
  Crazy Yiuf (D:7)
  4 iguanas
  2 human skeletons (D:5)
  4 sleepcaps
  18 orc wizards
  Terence (D:3)
  3 hound zombies (Ossuary)
  3 mummies (Ossuary)
  19 gnolls
  6 adders
  2 white imps (D:6)
  An ufetubus (D:6)
  2 adder zombies (Ossuary)
  3 worms
  3 dart slugs
  50 orcs
  6 endoplasms
  7 giant cockroaches
  A gnoll zombie (Ossuary)
  5 goblins
  7 hobgoblins
  17 kobolds
  4 quokkas
  6 ball pythons
  6 bats
  6 frilled lizards
  3 goblin zombies (Ossuary)
  5 hobgoblin zombies (Ossuary)
  8 jackal zombies (Ossuary)
  4 kobold zombies (Ossuary)
  3 orc skeletons (D:5)
  An orc zombie (Ossuary)
  A quokka zombie (Ossuary)
  A rat (D:1)
  2 rat zombies (Ossuary)
318 creatures vanquished.

Vanquished Creatures (others)
  An orc wizard (D:10)
1 creature vanquished.

Grand Total: 319 creatures vanquished

Notes
Turn   | Place    | Note
-------+----------+-------------------------------------------
     0 | D:1      | pkoi the Draconian Monk began the quest for the Orb.
     0 | D:1      | Reached XP level 1. HP: 19/19 MP: 1/1
   247 | D:1      | Reached XP level 2. HP: 25/26 MP: 2/2
   702 | D:2      | Reached skill level 4 in Unarmed Combat
   709 | D:2      | Reached XP level 3. HP: 24/31 MP: 3/3
  1051 | D:2      | Found Kexude Bephe's Book Shoppe.
  1379 | D:3      | Reached skill level 5 in Unarmed Combat
  1379 | D:3      | Reached XP level 4. HP: 25/38 MP: 4/4
  1876 | D:3      | Noticed Terence
  1899 | D:3      | Killed Terence
  1900 | D:3      | Reached XP level 5. HP: 37/45 MP: 5/5
  2014 | D:3      | Reached skill level 6 in Unarmed Combat
  2028 | D:3      | Identified the -2 cloak "Noarch" {rElec Int+4 Dex-4}
  2225 | D:4      | Found a burning altar of Makhleb.
  2412 | D:4      | Found a white marble altar of Elyvilon.
  2412 | D:4      | Found a hazy altar of Hepliaklqana.
  2548 | D:4      | Reached XP level 6. HP: 14/51 MP: 6/6
  2900 | D:4      | Reached skill level 7 in Unarmed Combat
  3197 | D:4      | Identified a scroll of acquirement
  3378 | D:4      | Found a snail-covered altar of Cheibriados.
  3379 | D:4      | Found a glowing silver altar of Zin.
  3420 | D:5      | Entered Level 5 of the Dungeon
  3483 | D:5      | Found a sand-covered staircase.
  3489 | Ossuary  | Entered an ossuary
  3809 | Ossuary  | Reached skill level 8 in Unarmed Combat
  3821 | Ossuary  | Your scales start taking on a dull iron-grey colour.
  3821 | Ossuary  | Reached XP level 7. HP: 54/57 MP: 7/7
  4241 | D:5      | Noticed a steam dragon
  4258 | D:5      | Killed a steam dragon
  4259 | D:5      | Reached skill level 9 in Unarmed Combat
  4531 | D:5      | Found Vobb's Magic Scroll Shoppe.
  4736 | D:5      | Reached XP level 8. HP: 63/63 MP: 8/8
  4861 | D:6      | Reached skill level 10 in Unarmed Combat
  5441 | D:6      | Reached skill level 5 in Fighting
  5761 | D:6      | Reached XP level 9. HP: 74/74 MP: 9/9
  5962 | D:6      | Learned a level 2 spell: Blink
  6177 | D:7      | Reached skill level 1 in Translocations
  6204 | D:7      | Found a staircase to the Ecumenical Temple.
  6226 | D:7      | Reached skill level 5 in Dodging
  6226 | D:7      | Reached skill level 1 in Spellcasting
  6256 | Temple   | Entered the Ecumenical Temple
  6449 | Temple   | Became a worshipper of Dithmenos the Shadowed
  6449 | Temple   | Reached * piety under Dithmenos
  6449 | Temple   | Reached ** piety under Dithmenos
  6674 | D:7      | Found a runed translucent door.
  6675 | D:7      | Noticed Crazy Yiuf
  6775 | D:7      | Reached skill level 11 in Unarmed Combat
  6850 | D:7      | Reached skill level 1 in Stealth
  7217 | D:7      | Killed Crazy Yiuf
  7338 | D:8      | Acquired the ring "Rejisyji" {Wiz rF+ rN+ rCorr Str-4}
  7347 | D:8      | Learned a level 4 spell: Manifold Assault
  7352 | D:8      | Found a flagged portal.
  7394 | Bailey   | Entered a bailey
  7691 | Bailey   | Noticed an orc knight
  7739 | Bailey   | Killed an orc knight
  8072 | D:8      | Reached XP level 10. HP: 71/83 MP: 14/14
  8098 | D:8      | Reached *** piety under Dithmenos
  8490 | D:8      | Learned a level 4 spell: Iskenderun's Mystic Blast
  8491 | D:8      | Noticed Grum
  8527 | D:8      | Killed Grum
  9141 | D:8      | Reached skill level 1 in Conjurations
  9324 | D:9      | Found Fackeas's Antique Armour Shoppe.
  9945 | D:10     | Entered Level 10 of the Dungeon
  9945 | D:10     | Found Fod Banu's Assorted Antiques.
  9948 | D:10     | Bought a glittering steel amulet for 170 gold pieces
  9948 | D:10     | Identified the amulet of Arrival {RegenMP Fragile rF+
                  | Regen+} (You bought it in a shop on level 10 of the
                  | Dungeon)
  9976 | D:10     | Noticed a two-headed ogre
 10230 | D:10     | Killed a two-headed ogre
 10341 | D:10     | Reached **** piety under Dithmenos
 10402 | D:10     | Learned a level 5 spell: Borgnjor's Vile Clutch
 10575 | D:10     | Reached skill level 5 in Translocations
 10575 | D:10     | Reached skill level 1 in Earth Magic
 10805 | D:11     | Reached skill level 1 in Necromancy
 10815 | D:11     | Reached skill level 12 in Unarmed Combat
 10846 | D:11     | Reached skill level 5 in Stealth
 10859 | D:11     | Reached XP level 11. HP: 74/89 MP: 16/16
 10916 | D:11     | Found a staircase to the Lair.
 10947 | D:11     | Noticed Nergalle
 10965 | D:11     | Killed Nergalle
 11078 | D:11     | Noticed a two-headed ogre
 11094 | D:11     | Killed a two-headed ogre
 11244 | D:11     | Noticed a green ugly thing
 11252 | D:11     | Noticed a white ugly thing
 11271 | D:11     | Killed a green ugly thing
 11301 | D:11     | Killed a cyan ugly thing
 11510 | D:11     | Found a staircase to the Orcish Mines.
 11754 | D:11     | Found a runed translucent gate.
 11754 | D:11     | Found a runed translucent gate.
 11754 | D:11     | Found a runed translucent gate.
 11755 | D:11     | Noticed Esekla's ghost (journeyman DEWn)
 11785 | D:11     | Noticed a two-headed ogre
 11794 | D:11     | Killed a two-headed ogre
 12089 | Lair:1   | Entered Level 1 of the Lair of Beasts
 12171 | Lair:1   | Slain by a cane toad

Illustrated notes

Levels and vault maps discovered:
D:1:      matt_arrival_spirals, layout_loops_cross, hex_medium, glass_columns_b
D:2:      layout_loops_ring, serial_shops, shop
D:3:      layout_rooms, st_stairs_13, minmay_randomly_rotated_circles,
          uniq_terence
D:4:      layout_loops_ring, nicolae_overflow_hidden_temple,
          amcnicky_altar_gilded, dk_vineyard_2
D:5:      layout_gridville, nicolae_ossuary_entry_catacombs, serial_shops,
          nicolae_shop_rolled_up
D:6:      layout_loops_ring
D:7:      layout_rooms, minmay_temple_entry_glass,
          ebering_dispersal_statue_hall, uniq_crazy_yiuf_cottage
D:8:      layout_basic, enter_bailey_2, minmay_misc_feat_square, hex_large,
          uniq_grum
D:9:      layout_rooms, serial_shops, nicolae_stop_n_shop_1
D:10:     layout_irregular_city, serial_shops, nicolae_stop_n_shop_1
D:11:     layout_loops_ring, lair_entry_dummy, david_orc_2,
          ebering_ghost_rock_garden, uniq_nergalle
Temple:   minmay_crystal_spiral_temple
Lair:1:   layout_chaotic_city, chequers_serial_rivers_large_a,
          beast_lair_carwin_7, lemuel_fruit_tree, uniq_erica

Skill      XL: |  1  2  3  4  5  6  7  8  9 10 11 |
---------------+----------------------------------+-----
Unarmed Combat | 4 5 6 8 9 10 11 12 | 12.5
Dodging        | 4 5 6 |  6.0
Fighting       | 5 6 |  6.0
Translocations | 3 5 6 |  6.0
Spellcasting   | 2 3 4 |  4.8
Stealth        | 2 5 6 |  6.0
Conjurations   | 3 |  3.0
Earth Magic    | 2 4 |  4.6
Necromancy     | 1 3 |  3.9

Action                     |  1- 3 |  4- 6 |  7- 9 | 10-12 || total
---------------------------+-------+-------+-------+-------++-------
  Melee: Unarmed           |   115 |   240 |   252 |   523 ||  1130
         Tailslap          |    15 |    63 |    88 |    91 ||   257
         Dagger            |       |    30 |   216 |     8 ||   254
         Punch             |       |       |     8 |    45 ||    53
  Throw: Dart              |       |       |     1 |     3 ||     4
  Evoke: Wand              |       |       |       |     9 ||     9
    Use: Scroll            |     1 |    18 |     7 |       ||    26
         Potion            |       |     5 |     2 |     1 ||     8
   Stab: Sleeping          |       |       |     5 |     4 ||     9
 Armour: Skin              |    30 |    98 |   197 |   178 ||   503
  Dodge: Dodged            |    67 |   151 |   355 |   376 ||   949
